 Dungeon Crawl Stone Soup version 0.28.0 (webtiles) character file.

Game seed: 16386790932162849683

46 PoweredByGinger the Chopper (level 3, 0/27 HPs)
             Began as a Demonspawn Gladiator on Feb 8, 2022.
             Slain by Sigmund (9 damage)
             ... on level 3 of the Dungeon.
             The game lasted 00:01:25 (2123 turns).

PoweredByGinger the Chopper (Demonspawn Gladiator)  Turns: 2123, Time: 00:01:26

Health: 0/27       AC:  4    Str: 16    XL:     3   Next: 44%
Magic:  3/3        EV: 12    Int:  9    God:
Gold:   77         SH:  0    Dex: 14    Spells: 2/2 levels left

rFire   . . .      SeeInvis .   a - +0 war axe
rCold   . . .      Faith    .   (no shield)
rNeg    . . .      Spirit   .   b - +0 leather armour
rPois   .          Reflect  .   c - +0 helmet
rElec   .          Harm     .   (no cloak)
rCorr   .          Rampage  .   (no gloves)
Will    .....                   (no boots)
Stlth   +.........              (no amulet)
HPRegen 0.09/turn               (no ring)
MPRegen 0.08/turn               (no ring)

@: no status effects
A: powered by death 1
a: no special abilities


You were on level 3 of the Dungeon.
You visited 1 branch of the dungeon, and saw 3 of its levels.

You collected 77 gold pieces.

Inventory:

Hand Weapons
 a - a +0 war axe (weapon)
Missiles
 i - 38 arrows
Armour
 b - a +0 leather armour (worn)
 c - a +0 helmet (worn)
Jewellery
 p - a +6 ring of strength
 u - a ring of fire
Wands
 t - a wand of flame (23)
Scrolls
 e - a scroll of noise {unknown}
 h - a scroll of fear {unknown}
 j - 2 scrolls of torment {unknown}
 l - 2 scrolls of identify {unknown}
 m - a scroll of magic mapping {unknown}
 o - a scroll of acquirement {unknown}
 r - a scroll of vulnerability {unknown}
Potions
 f - a potion of heal wounds {unknown}
 g - a potion of attraction {unknown}
 k - 2 potions of haste {unknown}
 n - a potion of curing {unknown}
 q - a potion of lignification {unknown}
 s - a potion of berserk rage {unknown}


   Skills:
 - Level 2.0 Fighting
 * Level 4.1 Axes
 - Level 1.7 Throwing
 - Level 2.6 Dodging


You had 2 spell levels left.
You didn't know any spells.
Your spell library contained the following spells:

 Spells                   Type           Power      Damage    Failure   Level
 Airstrike                Air            0%         N/A       99%         4
 Summon Lightning Spire   Summ/Air       0%         N/A       99%         4
 Lightning Bolt           Conj/Air       0%         1d11      100%        5


Dungeon Overview and Level Annotations

Branches:
Dungeon (3/15)

Altars:

Annotations:
D:3 Sigmund


Innate Abilities, Weirdness & Mutations

You regenerate a little health from kills.


Message History

Found a runed spear.
A ball python comes into view.
Sigmund shouts!
The ball python moves out of view.
The ball python hisses angrily.
Sigmund misses you. Sigmund hits you with a +0 scythe!
You closely miss Sigmund. You completely miss Sigmund. Sigmund misses you.
You hit Sigmund.
Sigmund is lightly wounded.
Sigmund hits you with a +0 scythe!
Throw: 3 throwing nets
Press: ? - help, Q - select action, (/) - cycle Shift-Dir - straight line, f - Sigmund
Aim: Sigmund, wielding a +0 scythe and wearing a +0 robe (lightly wounded, 55% to hit)
You throw a throwing net.
The throwing net closely misses Sigmund.
The throwing net closely misses the ball python.
Sigmund hits you with a +0 scythe.
Unknown command.
Unknown command.
Throw: 2 throwing nets
Press: ? - help, Q - select action, (/) - cycle Shift-Dir - straight line, f/p - Sigmund
Aim: Sigmund, wielding a +0 scythe and wearing a +0 robe (lightly wounded, 55% to hit)
You throw a throwing net. The throwing net barely misses Sigmund.
The throwing net completely misses the ball python.
Unknown command.
Unknown command.
Throw: throwing net
Press: ? - help, Q - select action, (/) - cycle Shift-Dir - straight line, f/p - Sigmund
Aim: Sigmund, wielding a +0 scythe and wearing a +0 robe (lightly wounded, 55% to hit)
You throw a throwing net.
The throwing net closely misses Sigmund.
The throwing net hits the ball python.
The ball python is caught in the net!
The ball python struggles against the net.
Sigmund hits you with a +0 scythe.
Unknown command.
The ball python struggles against the net.
Sigmund hits you from afar with a +0 scythe!
You die...

........###
#<........#.#
..##....#
#.........#
.....#.##
#.........# .......#
########### .......#
.>...#.########
#.####........#### #
########....######.#
####@.@S)...(
####...... .....
####


You could see Sigmund and a ball python (caught).

Vanquished Creatures
  2 dart slugs
  5 bats
  3 endoplasms
  5 hobgoblins
  A quokka (D:2)
  2 ball pythons (D:2)
  3 frilled lizards
  8 goblins
  4 kobolds
  2 rats
35 creatures vanquished.

Notes
Turn   | Place    | Note
-------+----------+-------------------------------------------
     0 | D:1      | PoweredByGinger the Demonspawn Gladiator began the quest
                  | for the Orb.
     0 | D:1      | Reached XP level 1. HP: 16/16 MP: 1/1
   135 | D:1      | Found a faded altar of an unknown god.
   166 | D:1      | Reached skill level 3 in Axes
   651 | D:2      | Gained mutation: You regenerate a little health from kills.
                  | [demonic ancestry]
   651 | D:2      | Reached XP level 2. HP: 22/22 MP: 2/2
  1539 | D:2      | Reached XP level 3. HP: 27/27 MP: 3/3
  1877 | D:3      | Reached skill level 4 in Axes
  2112 | D:3      | Noticed Sigmund
  2123 | D:3      | Slain by Sigmund

Illustrated notes

Levels and vault maps discovered:
D:1:      minmay_arrival_hallway, layout_rooms,
          chequers_ecumenical_altar_simple, hangedman_decor_points,
          patterned_corridor
D:2:      layout_basic
D:3:      layout_rooms, zin_scriptorium, minmay_misc_feat_rows,
          hangedman_abyss_or_decor_stabs, uniq_natasha, uniq_ijyb, uniq_sigmund

Skill      XL: |  1  2  3 |
---------------+----------+-----
Axes           | 3 4 |  4.1
Fighting       | |  2.0
Throwing       | |  1.7
Dodging        | |  2.6

Action                   || total
-------------------------++-------
Melee: War axe           ||    79
       Punch             ||     1
Throw: Throwing net      ||     3
 Stab: Sleeping          ||     1
Armor: Leather armour    ||    23
Dodge: Dodged            ||    53
